 Dungeon Crawl Stone Soup version 0.29.0-13-gc9e81de378 (webtiles) character file.

Game seed: 6423531235190808099

25092 ragingrage the Arsonist (level 13, -2/90 HPs)
             Began as an Octopode Cinder Acolyte on Sept 7, 2022.
             Was an Elder of Ignis.
             Slain by a skeletal warrior
             ... wielding a +0 halberd
              (13 damage)
             ... on level 11 of the Dungeon.
             The game lasted 00:43:39 (29286 turns).

ragingrage the Arsonist (Octopode Cinder Acolyte)  Turns: 29286, Time: 00:43:40

Health: -2/90      AC:  5    Str: 20    XL:     13   Next: 17%
Magic:  11/25      EV: 15    Int: 21    God:    Ignis [****..]
Gold:   406        SH:  0    Dex: 10    Spells: 7/28 levels left

rFire   + . .      SeeInvis +   b - +8 morningstar of Desperation {vorpal, Dex+3}
rCold   . . .      Faith    .   (no shield)
rNeg    . . .      Spirit   .   (helmet restricted)
rPois   +          Reflect  .   x - amulet of the acrobat
rElec   .          Harm     .   F - ring of poison resistance
rCorr   .          Rampage  .   v - +4 ring of protection
Will    .....      Archmagi +   w - +6 ring of strength
Stlth   ++........              B - +4 ring of slaying
HPRegen 0.25/turn               y - ring of see invisible
MPRegen 0.19/turn               G - ring of the Mage {Wiz Archmagi}
                                (no ring)
                                (no ring)

@: brilliant, swift, quick
A: almost no armour, amphibious, 8 rings, camouflage 1, gelatinous body 1,
(nimble swimmer 1), tentacles
a: Renounce Religion, Fiery Armour, Foxfire Swarm, Rising Flame


You were on level 11 of the Dungeon.
You worshipped Ignis.
Ignis was greatly pleased with you.
You visited 2 branches of the dungeon, and saw 13 of its levels.

You collected 1206 gold pieces.
You spent 800 gold pieces at shops.

Inventory:

Hand Weapons
 a - the +2 morningstar of Dishonour {freeze, rC+++ Str+5 Stlth-}
   (You found it on level 7 of the Dungeon)

   It freezes those it strikes, dealing additional cold damage.
   It can also slow down cold-blooded creatures.
   Str:       It affects your strength (+5).
   rC:        It renders you almost immune to cold.
   Stlth:     It makes you less stealthy.
 b - the +8 morningstar of Desperation (weapon) {vorpal, Dex+3}
   (You found it on level 8 of the Dungeon)

   It inflicts extra damage upon your enemies.
   Dex:       It affects your dexterity (+3).
 A - a +2 hand axe of venom
Missiles
 k - 38 poisoned darts
 m - 3 atropa-tipped darts
Magical Staves
 u - a staff of poison
Jewellery
 e - a ring of flight
 v - a +4 ring of protection (right tentacle)
 w - a +6 ring of strength (on tentacle)
 x - an amulet of the acrobat (around mantle)
 y - a ring of see invisible (on tentacle)
 B - a +4 ring of slaying (on tentacle)
 F - a ring of poison resistance (left tentacle)
 G - the ring of the Mage (on tentacle) {Wiz Archmagi}
   (You bought it in a shop on level 1 of the Dungeon)

   [ring of wizardry]

   It improves your spell success rate.
   Archmagi:  It increases the power of your magical spells.
Wands
 f - a wand of mindburst (3)
 g - a wand of quicksilver (22)
 l - a wand of charming (3)
 p - a wand of flame (17)
 D - a wand of iceblast (7)
 E - a wand of polymorph (14)
Scrolls
 c - 3 scrolls of teleportation
 d - 3 scrolls of amnesia
 h - 2 scrolls of fog
Potions
 j - 2 potions of mutation
 o - a potion of curing
 r - a potion of brilliance
 s - a potion of lignification
 t - a potion of might
 z - a potion of cancellation
 C - a potion of flight


   Skills:
 + Level 8.8 Fighting
 - Level 3.0 Polearms
 + Level 8.1 Dodging
 * Level 8.3 Spellcasting
 - Level 4.0 Conjurations
 + Level 4.4 Hexes
 - Level 7.0 Transmutations
 - Level 13.0 Fire Magic
 + Level 4.6 Air Magic


You had 7 spell levels left.
You knew the following spells:

 Your Spells              Type           Power      Damage    Failure   Level
a - Scorch                Fire           100%       2d10      1%          2
b - Swiftness             Air            59%        N/A       1%          3
c - Sticky Flame          Conj/Fire      79%        2d9       1%          4
d - Yara's Violent Unrav  Hex/Tmut       32%        3d13      9%          5
e - Tukima's Dance        Hex            58%        N/A       1%          3
f - Airstrike             Air            29%        2d(5-21)  4%          4

Your spell library contained the following spells:

 Spells                   Type           Power      Damage    Failure   Level
 Shock                    Conj/Air       100%       1d9       1%          1
 Slow                     Hex            100%       N/A       1%          1
 Confusing Touch          Hex            58%        N/A       1%          3
 Conjure Flame            Conj/Fire      79%        6-21      1%          3
 Ignite Poison            Fire/Tmut/Pois 70%        N/A       1%          3
 Cause Fear               Hex            29%        N/A       4%          4
 Vampiric Draining        Necr           19%        2d7       9%          3
 Passage of Golubria      Tloc           19%        N/A       28%         4
 Conjure Ball Lightning   Conj/Air       28%        3x3d8     58%         6
 Dragon Form              Tmut           36%        N/A       78%         7
 Discord                  Hex            29%        N/A       100%        8
 Disjunction              Tloc           9%         N/A       100%        8
 Dragon's Call            Summ           9%         N/A       100%        9


Dungeon Overview and Level Annotations

Branches:
Dungeon (11/15)            Temple (0/1) D:5            Lair (0/5) D:11
    Orc (2/2) D:9             Elf (0/3) Orc:2

Altars:
Hepliaklqana
Kikubaaqudgha
Ru
Trog
Wu Jian
Xom

Shops:
D:1 [=[!   D:2 ?   D:5 *![?   D:9 ([   Orc:1 *   Orc:2 (*[(

Annotations:
D:4 exclusion: downstairs
D:5 exclusion: downstairs
D:6 exclusion: downstairs
D:7 1 runed translucent door, exclusion: 2 downstairs, Crazy Yiuf
D:8 exclusion: downstairs
D:10 exclusion: 2 downstairs


Innate Abilities, Weirdness & Mutations

You cannot wear most types of armour.
You are amphibious.
You can wear up to eight rings at the same time.
Your skin changes colour to match your surroundings (Stealth+).
Your rubbery body absorbs attacks. (AC +1, EV +1)
((You are camouflaged when in or above water. (Stealth+)))
You have tentacles for arms and can constrict up to eight enemies at once.


Message History

Confirm with . or Enter, or press ? or * to list all spells.
You feel a strong surge of power!
You feel quick.
The skeletal warrior throws a stone.
The stone hits you!
* * * LOW HITPOINT WARNING * * *
Casting: Swiftness (safe; 1% risk of failure)
Confirm with . or Enter, or press ? or * to list all spells.
You feel a strong surge of power!
Flames lash the skeletal warrior.
The skeletal warrior is heavily damaged.
The skeletal warrior's fire resistance burns away.
The skeletal warrior throws a stone.
The stone misses you.
You feel better.
The skeletal warrior throws a stone.
The stone barely misses you.
Casting: Scorch (safe; 1% risk of failure)
Confirm with . or Enter, or press ? or * to list all spells.
You feel a strong surge of power!
Flames lash the skeletal warrior.
The skeletal warrior is burned terribly!
The skeletal warrior is heavily damaged.
The skeletal warrior hits you from afar with a +0 halberd!
* * * LOW HITPOINT WARNING * * *
Casting: Scorch (safe; 1% risk of failure)
Confirm with . or Enter, or press ? or * to list all spells.
You feel a strong surge of power!
Flames lash the skeletal warrior.
The skeletal warrior is burned terribly!
The skeletal warrior is severely damaged.
The skeletal warrior throws a stone.
The stone closely misses you.
Casting: Scorch (safe; 1% risk of failure)
Confirm with . or Enter, or press ? or * to list all spells.
You feel a strong surge of power!
Flames lash the skeletal warrior.
The skeletal warrior is burned terribly!
The skeletal warrior is severely damaged.
The skeletal warrior hits you from afar with a +0 halberd!
* * * LOW HITPOINT WARNING * * *
Unknown command.
Casting: Scorch (safe; 1% risk of failure)
Confirm with . or Enter, or press ? or * to list all spells.
You feel a strong surge of power!
Flames lash the skeletal warrior.
The skeletal warrior is burned terribly!
The skeletal warrior is almost destroyed.
The skeletal warrior hits you from afar with a +0 halberd!
You die...

............#
............#
.<..........####
.).............#
...............#
...............###
..............z..#
#........##......#
#....รท..........@#
#..............###
#.........>....#
#.........######
##.......##
#.......#
##.z.....#
.........#
.........#


You could see a skeletal warrior (combustible).

Vanquished Creatures
  Snorg (Orc:1)
  4 two-headed ogres
  Nergalle (D:9)
  3 skeletal warriors
  3 orc knights
  Pikel (D:5)
  5 orc sorcerers
  A cyclops (D:10)
  A moth of wrath (D:10)
  Maurice (D:9)
  A manticore (D:11)
  A gargoyle (D:11)
  An unseen horror (D:9)
  A kobold demonologist (D:9)
  3 trolls
  Grinder (D:4)
  A vampire (D:11)
  A centaur simulacrum (D:11)
  14 yaks
  2 wyverns
  A wraith (D:9)
  A basilisk (D:11)
  3 steam dragons
  3 vampire mosquitoes
  2 wargs (Orc:2)
  2 acid dragons
  5 water moccasins
  A black bear (D:8)
  36 orc warriors
  A sky beast (D:5)
  5 ogres
  3 phantoms
  14 centaurs
  Blork the orc (D:4)
  6 bullfrogs
  2 kobold brigands (D:8)
  A necrophage (D:5)
  A scorpion (D:5)
  8 wights
  3 howler monkeys
  16 orc priests
  4 hounds
  5 gnoll boudas
  Natasha (thrice) (D:4)
  5 iguanas
  12 orc wizards
  23 gnolls
  10 adders
  A white imp (D:5)
  3 ufetubi
  5 worms
  2 dart slugs
  68 orcs
  3 bat zombies (D:4)
  2 endoplasms
  5 giant cockroaches
  4 goblins
  6 hobgoblins
  3 jackals (D:2)
  13 kobolds
  6 quokkas
  7 ball pythons
  4 bats
  3 frilled lizards
  5 rats
  A rat zombie (D:4)
365 creatures vanquished.

Vanquished Creatures (collateral kills)
  3 orc warriors
  A centaur (Orc:2)
  An ogre (Orc:2)
  An orc priest (Orc:2)
  An orc wizard (Orc:1)
  8 orcs
15 creatures vanquished.

Vanquished Creatures (others)
  An orc knight (Orc:2)
  17 dancing weapons (Orc:2)
  A bush (D:11)
  35 foxfires
  4 fungi (D:11)
  21 plants (D:11)
79 creatures vanquished.

Grand Total: 459 creatures vanquished

Notes
Turn   | Place    | Note
-------+----------+-------------------------------------------
     0 | D:1      | ragingrage the Octopode Cinder Acolyte began the quest for
                  | the Orb.
     0 | D:1      | Reached XP level 1. HP: 16/16 MP: 2/2
    61 | D:1      | Found Kahauqi's Antique Armour Shoppe.
   161 | D:1      | Reached XP level 2. HP: 14/21 MP: 4/4
   311 | D:1      | Found Uklezoic's Armour Shop.
   351 | D:1      | Learned a level 2 spell: Scorch
   419 | D:1      | Found Zatoir's Distillery.
   551 | D:1      | Found Biero's Jewellery Boutique.
   699 | D:1      | Found a faded altar of an unknown god.
  1007 | D:2      | Found Dacviyk's Magic Scroll Emporium.
  1189 | D:2      | Reached XP level 3. HP: 26/26 MP: 2/5
  1311 | D:2      | Learned a level 3 spell: Swiftness
  2245 | D:2      | Reached skill level 4 in Fire Magic
  2289 | D:2      | Reached XP level 4. HP: 31/31 MP: 2/7
  2633 | D:3      | Reached skill level 1 in Air Magic
  2800 | D:3      | Found a faded altar of an unknown god.
  2804 | D:3      | Found a shimmering altar of Xom.
  3402 | D:3      | Found a hazy altar of Hepliaklqana.
  3754 | D:4      | Noticed Grinder
  3788 | D:4      | Reached XP level 5. HP: 36/36 MP: 5/8
  4049 | D:4      | Paralysed by Grinder for 3 turns
  4163 | D:4      | Killed Grinder
  4164 | D:4      | Reached skill level 5 in Fire Magic
  4164 | D:4      | Reached XP level 6. HP: 20/42 MP: 2/11
  4662 | D:4      | Noticed Blork the orc
  4915 | D:4      | Killed Blork the orc
  4916 | D:4      | Reached skill level 6 in Fire Magic
  4989 | D:4      | Noticed Natasha
  4994 | D:4      | Killed Natasha
  4995 | D:4      | Reached XP level 7. HP: 40/46 MP: 7/12
  5160 | D:4      | Found an ancient bone altar of Kikubaaqudgha.
  5382 | D:4      | Noticed Natasha
  5393 | D:4      | Killed Natasha
  5494 | D:4      | Noticed Natasha
  5500 | D:4      | Killed Natasha
  5563 | D:5      | Entered Level 5 of the Dungeon
  5666 | D:5      | Found Baif's Armour Emporium.
  5724 | D:5      | Noticed Pikel
  5832 | D:5      | Reached skill level 7 in Fire Magic
  5904 | D:5      | Found Loimmyih's Magic Scroll Shoppe.
  5937 | D:5      | Killed Pikel
  5938 | D:5      | Reached skill level 5 in Spellcasting
  5938 | D:5      | Reached skill level 8 in Fire Magic
  5938 | D:5      | Reached XP level 8. HP: 14/52 MP: 2/15
  6272 | D:5      | Bought a scroll of fear for 56 gold pieces
  6454 | D:5      | Found Wihu Wia's Distillery.
  6515 | D:5      | Reached skill level 9 in Fire Magic
  6520 | D:5      | Learned a level 4 spell: Sticky Flame
  6602 | D:5      | Found a staircase to the Ecumenical Temple.
  6911 | D:5      | Found Cybon's Assorted Antiques.
  7014 | D:5      | Found an ornate altar of the Wu Jian Council.
  8508 | D:6      | Reached skill level 10 in Fire Magic
  8508 | D:6      | Reached XP level 9. HP: 56/56 MP: 9/16
  9961 | D:7      | Reached skill level 11 in Fire Magic
 10443 | D:7      | Noticed a two-headed ogre
 11112 | D:7      | Reached skill level 12 in Fire Magic
 11329 | D:7      | Killed a two-headed ogre
 11330 | D:7      | Reached XP level 10. HP: 63/63 MP: 12/17
 11468 | D:7      | Reached skill level 13 in Fire Magic
 11661 | D:7      | Identified the +2 morningstar of Dishonour {freeze, rC+++
                  | Str+5 Stlth-}
 11745 | D:7      | Learned a level 5 spell: Yara's Violent Unravelling
 11830 | D:7      | Found a runed translucent door.
 11831 | D:7      | Noticed Crazy Yiuf
 11887 | D:7      | Reached skill level 1 in Dodging
 12001 | D:7      | Reached skill level 1 in Transmutations
 13739 | D:8      | Identified the +8 morningstar of Desperation {vorpal,
                  | Dex+3}
 14224 | D:9      | Noticed a kobold demonologist
 14292 | D:9      | Found Xamephod's Weapon Shop.
 14292 | D:9      | Found a staircase to the Orcish Mines.
 14295 | D:9      | Reached skill level 5 in Fighting
 14302 | D:9      | Killed a kobold demonologist
 14427 | D:9      | Found Jecidipe's Armour Shop.
 14484 | D:9      | Noticed Maurice
 14740 | D:9      | Killed Maurice
 14883 | D:9      | Noticed an unseen horror
 14888 | D:9      | Killed an unseen horror
 14889 | D:9      | Reached skill level 5 in Dodging
 14889 | D:9      | Reached XP level 11. HP: 66/72 MP: 9/18
 15137 | D:9      | You fall into a shaft and drop 2 floors!
 15144 | D:10     | Entered Level 10 of the Dungeon
 15190 | D:11     | Noticed a manticore
 15191 | D:11     | Noticed a skeletal warrior
 15397 | D:10     | Noticed Nergalle
 15411 | D:9      | Killed Nergalle
 15839 | D:9      | Identified the +7 chain mail of Utru {rPois rN+ Int+2
                  | Stlth-}
 16446 | D:10     | Found a sacrificial altar of Ru.
 16832 | D:10     | Noticed a two-headed ogre
 17266 | D:10     | Noticed a moth of wrath
 17475 | D:10     | Found a bloodstained altar of Trog.
 17512 | D:10     | Killed a moth of wrath
 17606 | D:10     | Noticed a two-headed ogre
 17631 | D:10     | Killed a two-headed ogre
 17843 | D:10     | Killed a two-headed ogre
 17844 | D:10     | Reached skill level 1 in Conjurations
 18101 | D:11     | Noticed a two-headed ogre
 18117 | D:11     | Killed a two-headed ogre
 18118 | D:11     | Reached skill level 5 in Transmutations
 18204 | D:11     | Noticed a skeletal warrior
 18247 | D:11     | Noticed a skeletal warrior
 18254 | D:10     | Learned a level 3 spell: Tukima's Dance
 18292 | D:11     | Noticed a cyclops
 18619 | Orc:1    | Entered Level 1 of the Orcish Mines
 18775 | Orc:1    | Noticed an orc sorcerer
 18911 | Orc:1    | Noticed Snorg
 18914 | Orc:1    | Killed Snorg
 18915 | Orc:1    | Reached skill level 1 in Hexes
 18949 | Orc:1    | Noticed a soul eater
 19160 | Orc:1    | Killed an orc sorcerer
 19362 | Orc:1    | Reached XP level 12. HP: 79/81 MP: 12/21
 19538 | D:1      | Bought the ring of the Mage {Wiz Archmagi} for 612 gold
                  | pieces
 19538 | D:1      | Found the ring of the Mage {Wiz Archmagi}
 19818 | Orc:1    | Learned a level 4 spell: Airstrike
 19939 | Orc:1    | Found Wiap's Assorted Antiques.
 20161 | D:1      | Bought a potion of heal wounds for 55 gold pieces
 20161 | D:1      | Bought a potion of brilliance for 44 gold pieces
 20161 | D:1      | Bought a potion of curing for 33 gold pieces
 20422 | Orc:2    | Entered Level 2 of the Orcish Mines
 22058 | Orc:2    | Found a staircase to the Elven Halls.
 26198 | Orc:2    | Found Reaneel's Antique Weapon Emporium.
 26202 | Orc:2    | Found Musm's General Store.
 26202 | Orc:2    | Found Natoc's Armour Shoppe.
 26206 | Orc:2    | Found Quruizil's Antique Weapon Boutique.
 26858 | D:11     | Found a staircase to the Lair.
 27472 | D:11     | Reached XP level 13. HP: 46/89 MP: 0/24
 29193 | D:11     | Identified the +4 war axe of the Lusting Badger {vorpal,
                  | rF+ rN+ Dex+2}
 29286 | D:11     | Slain by a skeletal warrior

Illustrated notes

Levels and vault maps discovered:
D:1:      dpeg_arrival_rooms_b, layout_basic,
          shapermc_ecumenical_altar_notcrosses, serial_shops, shop,
          nicolae_shop_trees, shop, nicolae_shop_trees, hex_medium,
          minmay_tromino_v4_a
D:2:      layout_basic, serial_shops, shop, minmay_puff
D:3:      layout_basic, nicolae_overflow_ecumenical_swirl,
          mainiacjoe_overflow_chevrons
D:4:      layout_loops_ring, lemuel_zombie_altar_kikubaaqudgha,
          minmay_box_of_dots, uniq_natasha, uniq_grinder, uniq_blork_the_orc
D:5:      layout_gridville, nicolae_wu_jian_immortal_techniques, temple_doors_e,
          serial_shops, nicolae_shop_stone, shop, shop, nicolae_shop_trees,
          chequers_serial_rivers_small_b, chequers_serial_rivers_marsh,
          hangedman_decor_growths, minmay_checkerbox, uniq_pikel
D:6:      layout_loops_corners, minmay_misc_feat_enclosed
D:7:      layout_gridville, supply_closet_lemuel, minmay_tree_intersection,
          uniq_crazy_yiuf_cottage
D:8:      minmay_spotlight, layout_rooms
D:9:      layout_loops_cross, orc_david_3, uniq_maurice
D:10:     layout_roguey, tgw_trog, overflow_temple_1_default, uniq_nergalle
D:11:     layout_cross, minmay_lair_entry_grove
Orc:1:    layout_caves, serial_shops, shop, uniq_snorg
Orc:2:    st_orc_rangers, layout_diamond_mine

Skill      XL: |  1  2  3  4  5  6  7  8  9 10 11 12 13 |
---------------+----------------------------------------+-----
Spellcasting   | 2 3 5 6 7 8 |  8.3
Fire Magic     | 4 5 6 8 10 12 13 | 13.0
Air Magic      | 1 2 4 |  4.6
Dodging        | 5 6 7 8 |  8.1
Transmutations | 4 5 6 7 |  7.0
Fighting       | 5 7 8 |  8.8
Conjurations   | 2 4 |  4.0
Hexes          | 1 4 |  4.4
Polearms       | |  3.0

Action                   |  1- 3 |  4- 6 |  7- 9 | 10-12 | 13-15 || total
-------------------------+-------+-------+-------+-------+-------++-------
Melee: Spear             |    31 |    10 |    31 |       |       ||    72
       Constrict         |     6 |     2 |     3 |    11 |       ||    22
       Tentacles         |     1 |     2 |     4 |     7 |       ||    14
       Punch             |       |       |     1 |       |       ||     1
       Morningstar       |       |       |       |    43 |       ||    43
Throw: Dart              |       |       |     8 |     9 |     1 ||    18
 Cast: Scorch            |    27 |    39 |   150 |   405 |    17 ||   638
       Swiftness         |       |       |       |     2 |     3 ||     5
       Tukima's Dance    |       |       |       |    72 |       ||    72
       Airstrike         |       |       |       |    30 |    29 ||    59
       Sticky Flame      |       |       |       |    12 |     2 ||    14
Invok: Foxfire Swarm     |       |       |     1 |     1 |       ||     2
       Fiery Armour      |       |       |       |     2 |       ||     2
Evoke: Wand              |       |       |       |    24 |     4 ||    28
  Use: Scroll            |       |     9 |     1 |     8 |     2 ||    20
       Potion            |       |     2 |     1 |     6 |     2 ||    11
 Stab: Sleeping          |     6 |       |     1 |       |       ||     7
Armor: Skin              |     3 |     1 |     6 |    34 |       ||    44
Dodge: Dodged            |    16 |     6 |    42 |   241 |    10 ||   315
